 Dungeon Crawl Stone Soup version 0.23.2-30-g0e89c35649 (webtiles) character file.

Game seed: 2448051396325148364

33763 DildoBatman the Reanimator (level 14, -4/107 HPs)
             Began as a Formicid Wizard on June 7, 2019.
             Was an Initiate of Gozag.
             Slain by an alligator (9 damage)
             ... on level 12 of the Dungeon.
             The game lasted 01:07:35 (13256 turns).

DildoBatman the Reanimator (Formicid Wizard)       Turns: 13256, Time: 01:07:35

Health: -4/107     AC:  8    Str: 11    XL:     14   Next: 9%
Magic:  37/38      EV: 12    Int: 24    God:    Gozag
Gold:   1005       SH: 14    Dex:  9    Spells: 13/35 levels left

rFire    . . .     SeeInvis +   a - +3 halberd
rCold    . . .     Gourm    .   e - +0 shield
rNeg     . . .     Faith    .   o - +0 troll leather armour
rPois    +         Spirit   .   (helmet unavailable)
rElec    .         Reflect  .   J - +0 cloak
rCorr    .         Harm     .   B - +0 pair of gloves
MR       +....                  w - +0 pair of boots
Stlth    +++.......             m - amulet of magic regeneration
HPRegen  0.67/turn              i - ring of magical power
MPRegen  0.51/turn              t - ring of poison resistance

@: no status effects
A: permanent stasis, dig shafts and tunnels, four strong arms, antennae 3, large
bone plates 1, mutation resistance 1, robust 1
a: Dig, Shaft Self, Potion Petition, Call Merchant, Bribe Branch, Renounce
Religion


You were on level 12 of the Dungeon.
You worshipped Gozag.
Gozag was most pleased with you.
You were not hungry.

You visited 2 branches of the dungeon, and saw 14 of its levels.

You collected 1299 gold pieces.
You paid 294 gold pieces to Gozag.

Inventory:

Hand Weapons
 a - a +3 halberd (weapon)
 c - the +9 arbalest of Classification {penet, *Contam rElec Dex+8}
   (You found it on level 11 of the Dungeon)

   Ammo fired by it will pass through the targets it hits, potentially hitting
   all targets in its path until it reaches maximum range.
   It affects your dexterity (+8).
   It insulates you from electricity.
   It causes magical contamination when unequipped.
 d - a +1 hand axe of flaming
Missiles
 h - 131 bolts
 n - 229 arrows
 D - 3 throwing nets (quivered)
 H - 123 sling bullets
Armour
 e - a +0 shield (worn)
 o - a +0 troll leather armour (worn)
 w - a +0 pair of boots (worn)
 B - a +0 pair of gloves (worn)
 J - a +0 cloak (worn)
Jewellery
 i - a ring of magical power (left hand)
 m - an amulet of magic regeneration (around neck)
 r - an uncursed ring of ice
 t - a ring of poison resistance (right hand)
 E - an uncursed ring of flight
 L - an uncursed ring of resist corrosion
 N - a +2 ring of intelligence
 S - a +2 ring of evasion
Wands
 A - a wand of iceblast (21)
 K - a wand of acid (21)
 M - a wand of disintegration (8)
Scrolls
 b - a scroll of enchant weapon
 f - a scroll of amnesia {unknown}
 p - 3 scrolls of fog
 x - 4 scrolls of remove curse
 z - 4 scrolls of identify
 C - a scroll of magic mapping
 F - a scroll of fear
Potions
 l - 4 potions of flight
 O - 4 potions of curing
Comestibles
 v - 28 rations


   Skills:
 - Level 5.0 Fighting
 - Level 4.0 Polearms
 - Level 5.0 Armour
 - Level 3.0 Dodging
 - Level 6.1 Stealth
 - Level 9.0 Shields
 * Level 11.0 Spellcasting
 - Level 5.2 Conjurations
   Level 1.0 Summonings
 - Level 12.0 Necromancy
   Level 0.8 Translocations
 - Level 4.0 Fire Magic
 - Level 4.0 Air Magic
 - Level 6.1 Earth Magic
 - Level 8.0 Poison Magic


You had 13 spell levels left.
You knew the following spells:

 Your Spells              Type           Power        Failure   Level  Hunger
a - Borgnjor's Vile Clut  Necr/Erth      ######....   4%          5    ####...
b - Conjure Flame         Conj/Fire      #####...     2%          3    None
d - Vampiric Draining     Necr           ######....   1%          3    None
e - Mephitic Cloud        Conj/Pois/Air  #####...     1%          3    None
f - Magic Dart            Conj           ####         1%          1    None
h - Dispel Undead         Necr           ######..     1%          5    ####...
z - Sublimation of Blood  Necr           ######....   1%          2    None

Your spell library contained the following spells:

 Spells                   Type           Power        Failure   Level  Hunger
 Animate Skeleton         Necr           N/A          1%          1    None
 Pain                     Necr           ####         1%          1    None
 Animate Dead             Necr           N/A          1%          4    None
 Corona                   Hex            ##.....      6%          1    None
 Call Imp                 Summ           ###.....     6%          2    None
 Dazzling Spray           Conj/Hex       ####..       6%          3    None
 Death Channel            Necr           ######....   7%          6    #####..
 Ensorcelled Hibernation  Hex/Ice        ##....       9%          2    None
 Slow                     Hex            ##......     9%          2    None
 Venom Bolt               Conj/Pois      #####.....   11%         5    ####...
 Confuse                  Hex            ##......     19%         3    None
 Tukima's Dance           Hex            ##......     19%         3    None
 Bolt of Magma            Conj/Fire/Erth #####.....   21%         5    ####...
 Iskenderun's Battlesphe  Conj/Chrm      ####....     50%         5    ####...
 Simulacrum               Ice/Necr       #####.....   61%         6    #####..
 Iron Shot                Conj/Erth      #####.....   67%         6    #####..
 Borgnjor's Revivificati  Necr           ######....   96%         8    #######
 Infestation              Necr           ######....   96%         8    #######
 Haunt                    Necr/Summ      #####.....   98%         7    #######
 Orb of Destruction       Conj           #####.....   99%         7    #######
 Spellforged Servitor     Conj/Summ      ####......   100%        7    #######
 Death's Door             Chrm/Necr      #####.....   100%        8    #######
 Necromutation            Tmut/Necr      #####.....   100%        8    #######
 Blink                    Tloc           Unusable     N/A         2    N/A

Dungeon Overview and Level Annotations

Branches:
Dungeon (13/15)            Temple (1/1) D:5            Lair (0/6) D:11
    Orc (0/2) D:10         Vaults (0/5) D:13

Altars:
Ashenzari
Cheibriados
Dithmenos
Elyvilon
Fedhas
Gozag
Hepliaklqana
Kikubaaqudgha
Makhleb
Nemelex Xobeh
Okawaru
Qazlal
Ru
Sif Muna
Trog
Uskayaw
Vehumet
Wu Jian
Xom
Yredelemnul
Zin
The Shining One

Shops:
D:6 %   D:10 !   D:13 *


Innate Abilities, Weirdness & Mutations

You cannot be hasted, slowed, berserked, paralysed or teleported.
You can dig through walls and to a lower floor.
Your four strong arms can wield two-handed weapons with a shield.
You have a pair of large antennae on your head. (SInv)
You are partially covered in large bone plates. (SH +4)
You are somewhat resistant to further mutation.
You are robust. (+10% HP)


Message History

The alligator bites you!! The alligator tail-slaps you!
The alligator bites you. The alligator tail-slaps you. The alligator bites you.
The alligator tail-slaps you. The alligator bites you!
The alligator tail-slaps you. The alligator bites you!
The alligator tail-slaps you.
The alligator puts on a burst of speed!
The alligator bites you!! The alligator tail-slaps you!
The alligator bites you but does no damage.
The alligator barely misses you.
You turn to flesh and can move again.
There is an open door here.
The alligator bites you!
You die...
Your body crumbles into a pile of gold.

#.##>......'....+...#.#.##.#.#.#.
..##.#######....###.#.#.##.#...#.
####'##### #....###.#.#.##.#.#.#.
.......l.#######.................
......##.#$....####.#.#.......##.
......##.####$## #.#.#####......
......##.'.#?.l####..............
......####..$#.t.##.....###...###
......# ##.####@##..).#......###
......# #.... #....#....##......
......# #######........[....####
......######.......###.......#
................##.# #.......#
#............##.# #..###..#
#............##.# ##.# #..####
#.....#########.# #.###.....#
###.....# ....###.####..##.....#


You could see an alligator and a basilisk (confused).

Vanquished Creatures
  An ironheart preserver (D:13)
  Snorg (D:12)
  Fannar (D:10)
  A rakshasa (D:13)
  A centaur warrior (D:13)
  A catoblepas (D:13)
  4 two-headed ogres
  An alligator (D:12)
  Sonja (D:11)
  5 unseen horrors
  2 lindwurms (D:12)
  3 ugly things
  4 manticores
  A cyclops (D:13)
  7 centaur zombies
  Joseph (D:10)
  A gargoyle (D:13)
  3 komodo dragons (D:11)
  5 trolls
  2 hornets
  A tyrant leech (D:12)
  7 slime creatures
  7 hippogriffs
  2 vampires
  A shadow (D:13)
  A hungry ghost (D:11)
  16 yaks
  A basilisk (D:12)
  A fire bat (D:12)
  A soldier ant (D:13)
  3 acid dragons
  A water moccasin (D:12)
  2 ice beasts
  4 sky beasts
  3 phantoms
  7 orc warriors
  A black bear (D:10)
  2 necrophages
  An eye of draining (D:12)
  8 ogres
  5 centaurs
  5 crocodiles
  4 big kobolds
  8 bullfrogs
  A gnoll sergeant (D:6)
  A water moccasin zombie (D:5)
  5 scorpions
  12 killer bees
  4 wights (D:8)
  3 vampire bats (D:12)
  A howler monkey (D:9)
  3 bullfrog zombies
  13 crimson imps
  A quasit (D:8)
  4 hounds
  14 orc priests
  7 jellies
  Crazy Yiuf (D:6)
  4 bullfrog skeletons
  2 centaur skeletons
  8 iguanas
  A basilisk skeleton (D:12)
  20 orc wizards
  9 worker ants
  A hound zombie (D:7)
  2 worker ant zombies
  4 gnolls (D:6)
  A howler monkey skeleton (D:7)
  6 adders
  5 shadow imps
  6 oozes (D:12)
  3 adder skeletons
  12 worms
  4 dart slugs
  11 leopard geckos
  50 orcs
  2 ball pythons
  A bat skeleton (D:12)
  5 giant cockroaches
  8 goblins
  5 hobgoblins
  21 jackals
  5 quokkas
  10 bats
  15 frilled lizards
  26 kobolds
  11 rats
466 creatures vanquished.

Vanquished Creatures (collateral kills)
  A killer bee (D:9)
1 creature vanquished.

Vanquished Creatures (others)
  An ogre (D:7)
  7 plants (D:4)
8 creatures vanquished.

Grand Total: 475 creatures vanquished

Notes
Turn   | Place    | Note
-------+----------+-------------------------------------------
     0 | D:1      | DildoBatman the Formicid Wizard began the quest for the
                  | Orb.
     0 | D:1      | Reached XP level 1. HP: 13/13 MP: 4/4
    23 | D:1      | Reached skill level 1 in Conjurations
   228 | D:1      | Reached XP level 2. HP: 7/19 MP: 1/6
   728 | D:1      | Reached XP level 3. HP: 8/24 MP: 0/7
   744 | D:1      | Learned a level 3 spell: Conjure Flame
   748 | D:1      | Learned a level 3 spell: Mephitic Cloud
  1368 | D:2      | Found a faded altar of an unknown god.
  1384 | D:2      | Reached XP level 4. HP: 26/30 MP: 6/8
  1604 | D:3      | Reached XP level 5. HP: 29/35 MP: 1/9
  1776 | D:3      | Found an ancient bone altar of Kikubaaqudgha.
  1779 | D:3      | Found a burning altar of Makhleb.
  1780 | D:3      | Found a white marble altar of Elyvilon.
  1780 | D:3      | Found a shimmering altar of Xom.
  1780 | D:3      | Found a hide-covered altar of Uskayaw.
  1781 | D:3      | Found an iron altar of Okawaru.
  1784 | D:3      | Became a worshipper of Kikubaaqudgha
  1826 | D:3      | Found a shimmering altar of Xom.
  1827 | D:3      | Found a shimmering altar of Xom.
  1827 | D:3      | Found a shimmering altar of Xom.
  1828 | D:3      | Found a shimmering altar of Xom.
  1828 | D:3      | Found a shimmering altar of Xom.
  1829 | D:3      | Found a shimmering altar of Xom.
  1829 | D:3      | Found a shimmering altar of Xom.
  1877 | D:3      | Noticed an orc warrior
  2210 | D:3      | Reached XP level 6. HP: 30/41 MP: 3/10
  2229 | D:3      | Reached skill level 5 in Conjurations
  2596 | D:3      | Reached skill level 1 in Poison Magic
  2601 | D:3      | Killed an orc warrior
  2601 | D:3      | Reached skill level 1 in Fire Magic
  2601 | D:3      | Reached skill level 1 in Air Magic
  2603 | D:3      | Reached XP level 7. HP: 46/46 MP: 2/11
  2878 | D:4      | Reached skill level 1 in Shields
  3019 | D:4      | Reached * piety under Kikubaaqudgha
  3019 | D:4      | Identified Kikubaaqudgha's Guide on Sinister Magic
                  | (Kikubaaqudgha gifted it to you on level 4 of the Dungeon)
  3019 | D:4      | Received a gift from Kikubaaqudgha
  3394 | D:4      | Reached XP level 8. HP: 23/52 MP: 4/12
  3699 | D:5      | Entered Level 5 of the Dungeon
  3871 | D:5      | Found a sacrificial altar of Ru.
  3962 | D:5      | Reached skill level 1 in Polearms
  4085 | D:5      | Reached ** piety under Kikubaaqudgha
  4140 | D:5      | Reached skill level 5 in Poison Magic
  4483 | D:5      | Found a basalt altar of Yredelemnul.
  4498 | D:5      | Found a staircase to the Ecumenical Temple.
  4507 | Temple   | Entered the Ecumenical Temple
  4875 | D:6      | Reached XP level 9. HP: 57/57 MP: 5/13
  5130 | D:6      | Found Ibiet's Food Emporium.
  5243 | D:6      | Reached *** piety under Kikubaaqudgha
  5243 | D:6      | Identified Kikubaaqudgha's Incunabulum of Unholy Secrets
                  | (Kikubaaqudgha gifted it to you on level 6 of the Dungeon)
  5243 | D:6      | Received a gift from Kikubaaqudgha
  5381 | D:6      | Found a runed translucent door.
  5382 | D:6      | Noticed Crazy Yiuf
  5390 | D:6      | Killed Crazy Yiuf
  5623 | D:7      | Learned a level 5 spell: Dispel Undead
  6044 | D:7      | Reached skill level 1 in Armour
  6135 | D:7      | Reached skill level 1 in Fighting
  6163 | D:7      | Noticed a hippogriff
  6182 | D:7      | Killed a hippogriff
  6296 | D:8      | Reached XP level 10. HP: 64/67 MP: 16/16
  6509 | D:8      | Reached **** piety under Kikubaaqudgha
  6779 | D:8      | Reached skill level 5 in Spellcasting
  6820 | D:8      | Got a bloodstained plate armour
  6943 | D:8      | Found a deep blue altar of Sif Muna.
  6973 | D:8      | Found a glowing golden altar of the Shining One.
  6974 | D:8      | Found a snail-covered altar of Cheibriados.
  7006 | D:8      | Identified the +10 plate armour "Toogho" {rF- MR+++ rCorr
                  | Str-2} (You found it on level 8 of the Dungeon)
  7076 | D:8      | Reached skill level 5 in Shields
  7087 | D:9      | Noticed a two-headed ogre
  7105 | D:8      | Reached skill level 5 in Stealth
  7155 | D:9      | Noticed a two-headed ogre
  7174 | D:9      | Reached skill level 5 in Fighting
  7174 | D:9      | Reached skill level 5 in Armour
  7206 | D:9      | Reached XP level 11. HP: 72/79 MP: 16/19
  7233 | D:9      | Killed a two-headed ogre
  7359 | D:9      | Reached ***** piety under Kikubaaqudgha
  7396 | D:9      | Killed a two-headed ogre
  7625 | D:9      | Noticed a two-headed ogre
  7651 | D:9      | Killed a two-headed ogre
  7896 | D:9      | Reached skill level 1 in Necromancy
  8488 | D:10     | Entered Level 10 of the Dungeon
  8537 | D:10     | Found Baddules's Distillery.
  8571 | D:10     | Reached skill level 2 in Necromancy
  8642 | D:10     | Noticed Joseph
  8657 | D:10     | Killed Joseph
  8657 | D:10     | Reached skill level 3 in Necromancy
  8729 | D:10     | Noticed Fannar
  8736 | D:10     | Found a staircase to the Orcish Mines.
  8744 | D:10     | Reached skill level 4 in Necromancy
  8755 | D:10     | Killed Fannar
  8755 | D:10     | Reached skill level 5 in Necromancy
  9041 | D:10     | Reached XP level 12. HP: 86/86 MP: 14/25
  9046 | D:10     | Reached skill level 6 in Necromancy
  9051 | D:10     | Learned a level 3 spell: Vampiric Draining
  9214 | D:11     | Noticed a two-headed ogre
  9227 | D:11     | Killed a two-headed ogre
  9403 | D:11     | Reached skill level 7 in Necromancy
  9468 | D:11     | Reached skill level 8 in Necromancy
  9655 | D:11     | Noticed Sonja
  9660 | D:11     | Killed Sonja
  9743 | D:11     | Found a staircase to the Lair.
  9777 | D:11     | Got a slimy arbalest
  9818 | D:11     | Reached skill level 9 in Necromancy
  9859 | D:11     | Identified the +9 arbalest of Classification {penet,
                  | *Contam rElec Dex+8} (You found it on level 11 of the
                  | Dungeon)
  9941 | D:11     | Found an ornate altar of the Wu Jian Council.
  9941 | D:11     | You fall through a shaft for 2 floors!
 10036 | D:13     | Noticed an unseen horror
 10050 | D:13     | Killed an unseen horror
 10050 | D:13     | Reached skill level 10 in Necromancy
 10184 | D:13     | Noticed a rakshasa
 10290 | D:13     | Noticed a centaur warrior
 10311 | D:13     | Killed a centaur warrior
 10377 | D:13     | Learned a level 2 spell: Sublimation of Blood
 10383 | D:13     | Learned a level 5 spell: Borgnjor's Vile Clutch
 10400 | D:13     | Noticed an ironheart preserver
 10427 | D:13     | Killed an ironheart preserver
 10427 | D:13     | Reached skill level 11 in Necromancy
 10427 | D:13     | Reached XP level 13. HP: 62/91 MP: 20/26
 10484 | D:13     | Noticed a catoblepas
 10511 | D:13     | Killed a catoblepas
 10599 | D:13     | Reached skill level 12 in Necromancy
 10607 | D:13     | Reached skill level 1 in Earth Magic
 10747 | D:13     | Found Vaoxyt Kafi's General Store.
 10749 | D:13     | Got a faintly humming scale mail
 11033 | D:13     | Identified the +1 scale mail of Parts Unknown {rCorr} (You
                  | found it on level 13 of the Dungeon)
 11055 | D:13     | Gained mutation: You are robust. (+10% HP) [potion of
                  | mutation]
 11055 | D:13     | Gained mutation: You are partially covered in iridescent
                  | scales. (AC +2) [potion of mutation]
 11055 | D:13     | Gained mutation: You expend magic power (3 MP) to
                  | strengthen your wands. [potion of mutation]
 11055 | D:13     | Gained mutation: Your spells are a little harder to cast,
                  | but a little more powerful. [potion of mutation]
 11056 | D:13     | Lost mutation: You are partially covered in iridescent
                  | scales. (AC +2) [potion of mutation]
 11056 | D:13     | Gained mutation: Your spells are harder to cast, but more
                  | powerful. [potion of mutation]
 11056 | D:13     | Gained mutation: You do not regenerate when monsters are
                  | visible. [potion of mutation]
 11056 | D:13     | Gained mutation: Your flesh is heat resistant. (rF+)
                  | [potion of mutation]
 11057 | D:13     | Lost mutation: You expend magic power (3 MP) to strengthen
                  | your wands. [potion of mutation]
 11057 | D:13     | Lost mutation: Your flesh is heat resistant. (rF+) [potion
                  | of mutation]
 11057 | D:13     | Gained mutation: You expend magic power (3 MP) to
                  | strengthen your wands. [potion of mutation]
 11057 | D:13     | Gained mutation: You are partially covered in large bone
                  | plates. (SH +4) [potion of mutation]
 11057 | D:13     | Gained mutation: You are somewhat resistant to further
                  | mutation. [potion of mutation]
 11058 | D:13     | Lost mutation: You do not regenerate when monsters are
                  | visible. [potion of mutation]
 11058 | D:13     | Lost mutation: You expend magic power (3 MP) to strengthen
                  | your wands. [potion of mutation]
 11058 | D:13     | Lost mutation: Your spells are harder to cast, but more
                  | powerful. [potion of mutation]
 11058 | D:13     | Lost mutation: Your spells are a little harder to cast, but
                  | a little more powerful. [potion of mutation]
 11267 | D:13     | Killed a rakshasa
 11282 | D:13     | Found a gate to the Vaults.
 11866 | D:12     | Noticed Snorg
 11900 | D:12     | Killed Snorg
 11950 | D:12     | Reached ****** piety under Kikubaaqudgha
 12202 | Temple   | Received a gift from Kikubaaqudgha
 12203 | Temple   | Fell from the grace of Kikubaaqudgha
 12204 | Temple   | Became a worshipper of Gozag Ym Sagoz the Greedy
 12529 | D:11     | Reached skill level 10 in Spellcasting
 12876 | D:12     | Reached skill level 5 in Earth Magic
 13025 | D:12     | Reached XP level 14. HP: 56/107 MP: 7/28
 13254 | D:12     | HP: 3/107 [alligator (3)]
 13256 | D:12     | Slain by an alligator

Skill      XL: |  1  2  3  4  5  6  7  8  9 10 11 12 13 14 |
---------------+-------------------------------------------+-----
Conjurations   | 1 2 3 4 5 |  5.2
Poison Magic   | 2 3 5 8 |  8.0
Fire Magic     | 1 2 4 |  4.0
Air Magic      | 1 2 3 4 |  4.0
Shields        | 2 3 5 9 |  9.0
Polearms       | 2 4 |  4.0
Spellcasting   | 4 5 9 10 11 | 11.0
Dodging        | 2 3 |  3.0
Armour         | 1 5 |  5.0
Fighting       | 1 5 |  5.0
Stealth        | 3 6 |  6.1
Necromancy     | 5 11 12 | 12.0
Earth Magic    | 6 |  6.1
Summonings     | |  1.0
Translocations | |  0.8

Action                   |  1- 3 |  4- 6 |  7- 9 | 10-12 | 13-15 || total
-------------------------+-------+-------+-------+-------+-------++-------
Melee: Unarmed           |    11 |       |       |       |       ||    11
       Spear             |    40 |    60 |       |       |       ||   100
       Trident           |       |       |   488 |   481 |       ||   969
       Halberd           |       |       |       |    68 |   411 ||   479
 Fire: Blowgun           |       |    25 |     3 |       |       ||    28
Throw: Stone             |       |       |       |     1 |       ||     1
 Cast: Magic Dart        |    74 |    48 |   103 |   110 |    12 ||   347
       Mephitic Cloud    |       |     6 |    32 |    69 |    46 ||   153
       Conjure Flame     |       |     1 |     6 |    61 |    33 ||   101
       Dispel Undead     |       |       |       |     7 |       ||     7
       Vampiric Draining |       |       |       |    11 |       ||    11
       Borgnjor's Vile C |       |       |       |       |    25 ||    25
Invok: Receive Necronomi |       |       |       |       |     1 ||     1
       Renounce Religion |       |       |       |       |     1 ||     1
 Abil: Dig               |     2 |     2 |     8 |    29 |    15 ||    56
  Use: Scroll            |       |       |       |    12 |     1 ||    13
       Potion            |       |       |       |       |     4 ||     4
 Stab: Sleeping          |     3 |     4 |       |     1 |     2 ||    10
       Confused          |       |     4 |    14 |    27 |    23 ||    68
       Petrified         |       |       |       |       |     5 ||     5
  Eat: Chunk             |     2 |     4 |    15 |    20 |    10 ||    51
       Ration            |       |       |     2 |       |     2 ||     4
Armor: Robe              |     5 |    11 |     5 |    22 |       ||    43
       Scale mail        |       |       |   190 |   167 |       ||   357
       Troll leather arm |       |       |       |     3 |    93 ||    96
Dodge: Dodged            |    27 |    43 |   190 |   201 |   179 ||   640
Block: Buckler           |       |       |    73 |    73 |    10 ||   156
       Shield            |       |       |       |       |   222 ||   222
